 Dungeon Crawl Stone Soup version 0.31-a0-166-g46f44d267d (webtiles) character file.

Game seed: 11022736983973218062

62 mogg the Conjurer (level 3, -2/26 HPs)
             Began as a Demigod Conjurer on June 14, 2023.
             Slain by an iron imp (8 damage)
             ... on level 3 of the Dungeon.
             The game lasted 00:13:36 (2163 turns).

mogg the Conjurer (Demigod Conjurer)                Turns: 2163, Time: 00:13:36

Health: -2/26      AC:  4    Str: 12    XL:     3   Next: 60%
Magic:  0/9        EV: 12    Int: 20    God:
Gold:   72         SH:  0    Dex: 12    Spells: 5/6 levels left

rFire   . . .        i - +2 dagger (flame)
rCold   . . .        (no shield)
rNeg    . . .        a - +0 robe
rPois   .            (no helmet)
rElec   .            (no cloak)
rCorr   .            j - +1 pair of gloves
SInv    .            (no boots)
Will    .....        (no amulet)
Stlth   ++           (no ring)
HPRegen 0.24/turn    (no ring)
MPRegen 0.11/turn

%: no passive effects
@: no status effects
A: high MP 1, forlorn, divine attributes
a: no special abilities


You were on level 3 of the Dungeon.
You visited 1 branch of the dungeon, and saw 4 of its levels.

You collected 72 gold pieces.

Inventory:

Hand Weapons
 i - a +2 dagger of flaming (weapon)
Armour
 a - a +0 robe (worn)
 j - a +1 pair of gloves (worn)
 m - an orb of light
Scrolls
 e - 2 scrolls of revelation
 f - a scroll of poison
 h - a scroll of identify
Potions
 b - a potion of magic
 c - a potion of attraction
 d - a potion of lignification {unknown}
 g - a potion of enlightenment {unknown}
 k - a potion of resistance


   Skills:
 * Level 2.1 Dodging
 * Level 2.0 Stealth
 * Level 2.2 Spellcasting
 * Level 4.5 Conjurations


You had 5 spell levels left.
You knew the following spells:

 Your Spells              Type           Power      Damage    Failure   Level
a - Magic Dart            Conj           80%        1d7       2%          1

Your spell library contained the following spells:

 Spells                   Type           Power      Damage    Failure   Level
 Searing Ray              Conj           40%        2d5       3%          2
 Summon Small Mammal      Summ           8%         N/A       16%         1
 Dazzling Flash           Conj/Hex       22%        N/A       19%         3
 Call Canine Familiar     Summ           2%         N/A       43%         3
 Summon Guardian Golem    Hex/Summ       2%         N/A       43%         3
 Fulminant Prism          Conj/Hex       5%         3d6       52%         4
 Iskenderun's Mystic Bla  Conj/Tloc      11%        2d4       52%         4


Dungeon Overview and Level Annotations

Branches:
Dungeon (4/15)
 Temple: D:4-7

Annotations:
D:3 Grinder


Innate Abilities, Weirdness & Mutations

You have an increased reservoir of magic. (+10% MP)
You shall have no god before yourself.
Your divine heritage dramatically boosts your attributes as you level up.


Message History

The iron imp barely misses you.
You hit the iron imp but do no damage.
The iron imp is severely wounded.
The iron imp hits you!
You completely miss the iron imp.
The iron imp is severely wounded.
The iron imp barely misses you.
You completely miss the iron imp.
The iron imp is severely wounded.
You hit the iron imp but do no damage.
The iron imp is severely wounded.
The iron imp barely misses you.
Casting: Magic Dart (safe; 2% risk of failure)
Confirm with . or Enter, or press ? or * to list all spells.
Aiming: Magic Dart (safe; 2% risk of failure)
Press: ? - help, Shift-Dir - straight line, f/p - iron imp
Aim: an iron imp (severely wounded, 100% to hit)
The magic dart hits the iron imp.
The iron imp is almost dead.
The iron imp misses you.
You hit the iron imp but do no damage.
The iron imp is almost dead.
The iron imp closely misses you.
You hit the iron imp but do no damage.
The iron imp is almost dead.
The iron imp barely misses you.
You barely miss the iron imp.
The iron imp is almost dead.
You hear the rapid rusting of a very distant drain.
You barely miss the iron imp.
The iron imp is almost dead.
The iron imp hits you.
* * * LOW HITPOINT WARNING * * *
You hit the iron imp.
The iron imp is almost dead.
The iron imp barely misses you.
You hit the iron imp.
The iron imp is almost dead.
The iron imp hits you!
You die...

######### ## #.......# .#
#.#..8..#
.############.#.....#
..............#.....#
..##############@''## ..#
#.5...# ..# #.....# .##
#.....# .## #.....# ..#
#.._..# .##########
#######
..(...>...######.#######
.########..............##


You could see an iron imp.

Vanquished Creatures
  2 adders
  A worm (D:3)
  7 ball pythons
  2 bats
  3 endoplasms
  4 giant cockroaches
  4 goblins
  3 hobgoblins
  3 quokkas (D:3)
  A frilled lizard (D:2)
  4 kobolds
  3 rats
37 creatures vanquished.

Notes
Turn   | Place    | Note
-------+----------+-------------------------------------------
     0 | D:1      | mogg the Demigod Conjurer began the quest for the Orb.
     0 | D:1      | Reached XP level 1. HP: 14/14 MP: 5/5
   279 | D:1      | You fall into a shaft and drop 1 floor!
   333 | D:2      | Reached skill level 4 in Conjurations
   333 | D:2      | Reached XP level 2. HP: 13/20 MP: 0/7
  1467 | D:2      | Reached XP level 3. HP: 26/26 MP: 5/8
  1946 | D:3      | Noticed Grinder
  2163 | D:3      | Slain by an iron imp

Illustrated notes

Levels and vault maps discovered:
D:1:      sevenhm_arrival_forest_fort_small_6, layout_loops_cross
D:2:      layout_basic, basic_altar, moated_statue, minmay_misc_feat_nine_boxes,
          minmay_misc_feat_four_crosses
D:3:      layout_loops_ring, nicolae_ru_path_of_blood, lemuel_round_altar,
          slow_altar_2, cheibrodos_sewer_entry_bend, minivault_5,
          chequers_hall_statues_corner_a, uniq_grinder
D:4:      layout_loops_corners, elyvilon_altar_1,
          mainiacjoe_overflow_cross_hatched, mainiacjoe_overflow_catwalk_spiral,
          serial_shops, shop, nicolae_shop_stone, shop,
          nicolae_shop_statue_plus, minmay_rat_hole

Skill      XL: |  1  2  3 |
---------------+----------+-----
Conjurations   | 4 |  4.5
Spellcasting   | 2 |  2.2
Dodging        | 2 |  2.1
Stealth        | 2 |  2.0

Action                     || total
---------------------------++-------
  Melee: Unarmed           ||     8
         Dagger            ||    36
   Cast: Magic Dart        ||    85
    Use: Scroll            ||     7
 Armour: Robe              ||    11
  Dodge: Dodged            ||    40

Table legend: (Time is in decaauts)
 A = Elapsed time spent in this place.
 B = Non-inter-level travel time spent in this place.
 C = Inter-level travel time spent in this place.
 D = Time resting spent in this place.
 E = Time spent auto-exploring this place.
 F = Levels seen in this place.
 G = Mean time per level.
                   A        B        C        D        E       F      G
               +--------+--------+--------+--------+--------+-----+--------+
         Total |   2163 |   1977 |    186 |     49 |   1604 |   4 |  540.8 |
       Dungeon |   2163 |   1977 |    186 |     49 |   1604 |   4 |  540.8 |
               +--------+--------+--------+--------+--------+-----+--------+

Top non-repeatable levels by time:
     D:1: 798 daAuts
     D:2: 775 daAuts
     D:3: 536 daAuts
     D:4: 52 daAuts
